 Dungeon Crawl Stone Soup version 0.20-a0-850-ge5a7832 (webtiles) character file.

1228 Alarkh the Chopper (level 8, -15/62 HPs)
             Began as a Demonspawn Monk on Mar 10, 2017.
             Was a Priest of Okawaru (penitent).
             Demolished by an orc knight
             ... wielding a +0 war axe
             ... created by the fury of Okawaru
              (28 damage)
             ... on level 7 of the Dungeon.
             The game lasted 00:08:29 (10154 turns).

Alarkh the Chopper (Demonspawn Monk)               Turns: 10154, Time: 00:08:30

Health: -15/62     AC:  5    Str: 12    XL:     8   Next: 23%
Magic:  8/8        EV: 19    Int: 14    God:    Okawaru [*]
Gold:   75         SH:  0    Dex: 15    Spells: 7/7 levels left

rFire    . . .     SeeInvis .   a - +0 hand axe
rCold    . . .     Gourm    .   q - +2 robe {Archmagi}
rNeg     . . .     Faith    .   (no shield)
rPois    +         Spirit   .   (no helmet)
rElec    .         Reflect  .   n - +0 cloak
rCorr    .         Harm     .   (no gloves)
MR       .....                  (no boots)
Stlth    ++........             (no amulet)
Regen    0.2/turn               (no ring)
MPRegen  0.2/turn               l - ring of wizardry

@: repel missiles
A: repulsion field 3, blink, demonic guardian 1, poison resistance
a: Blink, Renounce Religion


You were on level 7 of the Dungeon.
You worshipped Okawaru.
Okawaru was demanding penance.
You were not hungry.

You visited 2 branches of the dungeon, and saw 8 of its levels.

You collected 350 gold pieces.
You spent 275 gold pieces at shops.

Inventory:

Hand Weapons
 a - a +0 hand axe (weapon)
Armour
 b - a +0 robe
 n - a +0 cloak (worn)
 q - a +2 robe of the Archmagi (worn)
Jewellery
 l - a ring of wizardry (left hand)
 w - an uncursed ring of wizardry
Wands
 s - a wand of clouds (3/9)
Scrolls
 d - 2 scrolls of blinking
 e - 3 scrolls of identify
 f - a scroll of teleportation
 g - a scroll of magic mapping
 h - a scroll of fog {unknown}
 i - 2 scrolls of enchant weapon
 p - 4 scrolls of remove curse
 r - a scroll of summoning
 t - a scroll of fear {unknown}
 u - a scroll of enchant armour
 x - a scroll of immolation {unknown}
 y - a scroll of random uselessness {unknown}
 E - a scroll of recharging {unknown}
Potions
 k - 2 potions of mutation
 o - 2 potions of haste
 v - a potion of curing
 z - a potion of ambrosia
 A - a potion of invisibility
 D - a potion of heal wounds
Comestibles
 c - 3 bread rations
 m - 2 meat rations
 C - a royal jelly


   Skills:
 + Level 5.1 Fighting
 * Level 6.5 Axes
 + Level 3.7 Armour
 + Level 4.7 Dodging
 - Level 1.7 Stealth


You had 7 spell levels left.
You didn't know any spells.

Dungeon Overview and Level Annotations

Branches:
Dungeon (7/15)             Temple (1/1) D:4

Altars:
Ashenzari
Cheibriados
Elyvilon
Fedhas
Kikubaaqudgha
Makhleb
Nemelex Xobeh
Okawaru
Ru
Sif Muna
Trog
Uskayaw
Vehumet
Wu Jian
Yredelemnul
Zin
The Shining One
Lugonu

Shops:
D:6 ?


Innate Abilities, Weirdness & Mutations

You are surrounded by a strong repulsion field. (EV +4, RMsl)
A weak demonic guardian rushes to your aid.
You can translocate small distances at will.
Your system is resistant to poisons. (rPois)


Message History

The orc knight is lightly wounded.
You closely miss the orc.
You hit the orc warrior but do no damage.
You closely miss the orc priest. The orc knight completely misses you.
The orc warrior hits you with a scimitar of holy wrath!
You convulse!
The orc warrior hits you from afar with a glaive!!
* * * LOW HITPOINT WARNING * * *
The orc priest calls down the wrath of Okawaru upon you.
You struggle to resist.
Your quasit closely misses the orc.
Your quasit claws the orc.
Your quasit closely misses the orc.
Something misses your quasit.
You barely miss the orc knight.
The orc knight is lightly wounded.
You closely miss the orc. You completely miss the orc warrior.
You barely miss the orc priest.
You feel less confused. The orc barely misses you.
The orc knight hits you with a war axe!!
You die...

.###..###....# #..............
.#...........#.. #..............
.#...........#....#..............
####.........#....#..............
...##........#... #..............
....####...####.###..............
.....###...####.#h....#########'#
._...#......#..o#oo...#..........
.....#......'.oo@.o...#..........
....##......#.{o#.o...#..........
...##.......#..5#.....#..........
###############'#.....#......##..
#...#.............!...#......##..
#...#.................'........≈§
#...#.................#........≈#
#...#.................#.........+
#...#.................#......##§#


You could see an orc knight, a warg, 3 orc warriors, 2 orc priests, 2 orcs and a
friendly quasit.

Vanquished Creatures
  A phantom (D:4)
  An ogre (D:5)
  A scorpion (D:4)
  A centaur zombie (D:6)
  A crimson imp (D:6)
  A jelly (D:5)
  An orc wizard (D:5)
  A centaur skeleton (D:5)
  3 hounds
  An orc priest (D:6)
  Crazy Yiuf (D:4)
  An iguana (D:5)
  3 worker ants
  A hound zombie (D:5)
  4 gnolls
  4 adders
  A shadow imp (D:7)
  2 oozes
  3 worms
  2 dart slugs
  7 leopard geckos
  15 orcs
  11 bats
  5 giant cockroaches
  5 goblins
  8 hobgoblins
  10 jackals
  7 kobolds
  A quokka (D:6)
  2 ball pythons
  3 frilled lizards
  A giant cockroach zombie (D:5)
  A leopard gecko skeleton (D:4)
  8 rats
118 creatures vanquished.

Vanquished Creatures (collateral kills)
  Menkaure (D:5)
  2 sky beasts
  A black bear (D:6)
  A centaur (D:7)
  A crocodile (D:7)
  An iguana (D:7)
  2 orc wizards
  2 gnolls (D:5)
  5 orcs
  A frilled lizard (D:7)
17 creatures vanquished.

Vanquished Creatures (others)
  6 plants (D:7)
6 creatures vanquished.

Grand Total: 141 creatures vanquished

Notes
Turn   | Place    | Note
-------+----------+-------------------------------------------
     0 | D:1      | Alarkh the Demonspawn Monk began the quest for the Orb.
     0 | D:1      | Reached XP level 1. HP: 18/18 MP: 1/1
   147 | D:1      | Gained mutation: A weak demonic guardian rushes to your aid. [demonic ancestry]
   147 | D:1      | Reached XP level 2. HP: 20/24 MP: 2/2
   274 | D:1      | Reached skill level 3 in Axes
   871 | D:2      | Gained mutation: You are surrounded by a mild repulsion field. (EV +2) [demonic ancestry]
   871 | D:2      | Reached XP level 3. HP: 28/29 MP: 3/3
   885 | D:2      | Gained mutation: You can translocate small distances at will. [potion of mutation]
   885 | D:2      | Gained mutation: Your system is resistant to poisons. (rPois) [potion of mutation]
   887 | D:2      | Reached skill level 1 in Armour
  1007 | D:2      | Found a faded altar of an unknown god.
  1363 | D:2      | Reached XP level 4. HP: 27/35 MP: 4/4
  1777 | D:2      | Found a basalt altar of Yredelemnul.
  1999 | D:2      | Found an iron altar of Okawaru.
  1999 | D:2      | Found a shattered altar of Ashenzari.
  2242 | D:2      | Became a worshipper of Warmaster Okawaru
  2242 | D:2      | Reached * piety under Okawaru
  2242 | D:2      | Reached ** piety under Okawaru
  3647 | D:3      | Reached skill level 4 in Axes
  3651 | D:3      | Reached XP level 5. HP: 27/41 MP: 5/5
  3838 | D:3      | Found a sacrificial altar of Ru.
  4055 | D:4      | Found a staircase to the Ecumenical Temple.
  4263 | Temple   | Entered the Ecumenical Temple
  4324 | D:4      | Noticed a phantom
  4355 | D:4      | Killed a phantom
  4524 | D:4      | Found a sparkling altar of Nemelex Xobeh.
  4536 | D:4      | Gained mutation: You are surrounded by a moderate repulsion field. (EV +3) [demonic ancestry]
  4536 | D:4      | Reached XP level 6. HP: 25/48 MP: 6/6
  5186 | D:4      | Found a runed door.
  5496 | D:4      | Found a blossoming altar of Fedhas.
  5496 | D:4      | Found a deep blue altar of Sif Muna.
  5689 | D:4      | Noticed Crazy Yiuf
  5692 | D:4      | Killed Crazy Yiuf
  5747 | D:5      | Entered Level 5 of the Dungeon
  5967 | D:5      | Noticed Menkaure
  5979 | D:5      | Killed Menkaure
  5979 | D:5      | Reached skill level 5 in Axes
  6354 | D:5      | Reached *** piety under Okawaru
  6482 | D:5      | Gained mutation: You are surrounded by a strong repulsion field. (EV +4, RMsl) [demonic ancestry]
  6482 | D:5      | Reached XP level 7. HP: 26/55 MP: 7/7
  8343 | D:6      | Found a bloodstained altar of Trog.
  8382 | D:6      | Found a glowing golden altar of the Shining One.
  8673 | D:6      | Found Leutwa's Magic Scroll Shoppe.
  8680 | D:6      | Bought a scroll of summoning for 95 gold pieces
  8680 | D:6      | Bought a scroll of enchant armour for 75 gold pieces
  8680 | D:6      | Bought a scroll of enchant weapon for 75 gold pieces
  8680 | D:6      | Bought a scroll of teleportation for 30 gold pieces
  8872 | D:6      | Reached skill level 6 in Axes
  9032 | D:6      | Received a gift from Okawaru
  9224 | D:7      | Reached XP level 8. HP: 51/61 MP: 8/8
  9288 | D:7      | Found an ornate altar of the Wu Jian Council.
  9395 | D:7      | Was placed under penance by Okawaru
  9506 | D:7      | Reached skill level 5 in Fighting
  9561 | D:7      | Found a glowing silver altar of Zin.
  9771 | D:7      | Noticed a cyclops
  9771 | D:7      | Noticed a centaur warrior
 10150 | D:7      | Noticed an orc knight
 10154 | D:7      | Demolished by an orc knight

Vault maps used:
D:1:      sevenhm_arrival_forest_fort_small_1
D:2:      marbit_many_paths, nicolae_overflow_hidden_temple,
          okawaru_metal_pillars_3, ashenzari_altar_1,
          chequers_ecumenical_altar_island, first_bread, grunt_ministairs_12
D:3:      nicolae_ru_awakened_eye
D:4:      gammafunk_temple_overflow_elements, nemelex_xobeh_ov_fountains_minmay,
          minmay_temple_entry_junction_2, uniq_crazy_yiuf_cottage
D:5:      uniq_menkaure
D:6:      kennysheep_little_box, basic_altar, serial_shops, shop
D:7:      lemuel_round_altar, kennysheep_mini_moat, lemuel_round_altar,
          minmay_lizard_king
Temple:   corrupted_temple

Skill      XL: |  1  2  3  4  5  6  7  8 |
---------------+-------------------------+-----
Axes           | 3 4 5 6 |  6.5
Armour         | 1 2 3 |  3.7
Dodging        | 3 4 |  4.7
Fighting       | 4 5 |  5.1
Stealth        | |  1.7

Action                   |  1- 3 |  4- 6 |  7- 9 || total
-------------------------+-------+-------+-------++-------
Melee: Hand axe          |    68 |   306 |   246 ||   620
Invok: Heroism           |       |     1 |     2 ||     3
Evoke: Wand              |       |     1 |       ||     1
  Use: Potion            |     2 |     5 |     2 ||     9
       Scroll            |       |     6 |     4 ||    10
 Stab: Sleeping          |     3 |     6 |     1 ||    10
       Distracted        |       |     1 |     1 ||     2
  Eat: Chunk             |     1 |    17 |    11 ||    29
       Fruit             |       |       |     1 ||     1
Armor: Robe              |    18 |    39 |    29 ||    86
Dodge: Dodged            |    67 |   254 |   221 ||   542
       Deflected         |       |       |     2 ||     2
